 Dungeon Crawl Stone Soup version 0.31-a0-1154-gadca813884 (webtiles) character file.

Game seed: 7013573403018659399

333 Dirtsage the Changeling (level 6, -2/41 HPs)
             Began as an Octopode Shapeshifter on Dec 7, 2023.
             Slain by a gnoll
             ... wielding a +0 spear
              (5 damage)
             ... on level 4 of the Dungeon.
             The game lasted 00:05:45 (2937 turns).

Dirtsage the Changeling (Octopode Shapeshifter)     Turns: 2937, Time: 00:05:46

Health: -2/41      AC:  1    Str: 13    XL:     6   Next: 52%
Magic:  6/6        EV: 14    Int: 13    God:
Gold:   216        SH:  0    Dex: 13    Spells: 5/5 levels left

rFire   . .          .
                       - Unarmed
rCold   + . .        (no shield)
rNeg    . . .        (helmet currently unavailable)
rPois   .            (no amulet)
rElec   .            I - ring of protection from cold
rCorr   .            (no ring)
SInv    .            (no ring)
Will    .....        (no ring)
Stlth   ++           (no ring)
HPRegen 0.26/turn    (no ring)
MPRegen 0.10/turn    (no ring)
                     (no ring)

%: no passive effects
@: beast-form, studying Fire Magic
A: beast (slay +2), almost no armour, amphibious, 8 rings, camouflage 1,
gelatinous body 1, (nimble swimmer 1), tentacles
a: Begin Untransformation


You were on level 4 of the Dungeon.
You were a hulking beast.
You visited 1 branch of the dungeon, and saw 4 of its levels.

You collected 216 gold pieces.

Inventory:

Jewellery
 I - a ring of protection from cold (left tentacle)
Talismans
 b - a beast talisman
 c - a flux talisman
Scrolls
 d - a scroll of butterflies {unknown}
 e - a scroll of blinking {unknown}
 f - a scroll of amnesia {unknown}
 g - 5 scrolls of identify {unknown}
 j - a scroll of noise {unknown}
 k - a scroll of enchant armour {unknown}
 l - a scroll of poison {unknown}
Potions
 a - a potion of lignification
 h - a potion of might {unknown}
 i - a potion of enlightenment {unknown}
 m - a potion of magic {unknown}


   Skills:
 + Level 2.8 Fighting
 + Level 3.4 Dodging
 + Level 4.1 Unarmed Combat
 * Level 4.7 Shapeshifting


You had 5 spell levels left.
You didn't know any spells.
Your spell library contained the following spells:

 Spells                   Type           Power      Damage    Failure   Level
 Slow                     Hex            0%         N/A       30%         1
 Lesser Beckoning         Tloc           0%         N/A       43%         2
 Confusing Touch          Hex            0%         N/A       67%         3
 Gell's Gravitas          Tloc           0%         N/A       67%         3
 Sigil of Binding         Hex            0%         N/A       67%         3
 Teleport Other           Tloc           0%         N/A       67%         3
 Vampiric Draining        Necr           0%         2d6       67%         3


Dungeon Overview and Level Annotations

Branches:
Dungeon (4/15)
 Temple: D:4-7

Altars:
Makhleb
Trog
Vehumet
Xom


Innate Abilities, Weirdness & Mutations

You are a hulking beast.
Your limbs bulge with bestial killing power. (Slay +2)
You cannot wear most types of armour.
You are amphibious.
You can wear up to eight rings at the same time.
Your skin changes colour to match your surroundings (Stealth+).
Your rubbery body absorbs attacks. (AC +1, EV +1)
((You are camouflaged when in or above water. (Stealth+)))
You have tentacles for arms and can constrict up to eight enemies at once.


Message History

You tentacle-slap the gnoll. You grab the gnoll. Your squeeze misses the gnoll.
The gnoll is lightly wounded.
You constrict the gnoll. The gnoll barely misses you. x2
The gnoll closely misses you.
You tentacle-slap the gnoll. Your squeeze misses the gnoll.
The gnoll is severely wounded.
You constrict the gnoll.
The gnoll hits you from afar with a +0 spear!
The gnoll barely misses you. The gnoll closely misses you.
You take 7 damage, and have 34/41 hp.
You tentacle-slap the gnoll.
You kill the gnoll!
The gnoll misses you.
The gnoll hits you from afar with a +0 spear.
You take 5 damage, and have 29/41 hp.
The gnoll closely misses you. The gnoll barely misses you.
You see here a +0 club.
You barely miss the gnoll. Your grab misses the gnoll.
Your squeeze misses the gnoll. The gnoll closely misses you.
The gnoll hits you with a +0 spear.
You take 1 damage, and have 28/41 hp.
You barely miss the gnoll. Your grab misses the gnoll. You squeeze the gnoll.
The gnoll is heavily wounded.
The gnoll hits you with a +0 spear! x2
You take 15 damage, and have 13/41 hp.
MASSIVE DAMAGE!!
You bludgeon the gnoll!
You kill the gnoll!
The gnoll hits you with a +0 spear.
* * * LOW HITPOINT WARNING * * *
You take 5 damage, and have 8/41 hp.
You closely miss the gnoll. You grab the gnoll. You squeeze the gnoll.
The gnoll is moderately wounded.
You constrict the gnoll, but do no damage.
The gnoll hits you with a +0 spear.
* * * LOW HITPOINT WARNING * * *
You take 6 damage, and have 2/41 hp.
You tentacle-slap the gnoll but do no damage.
The gnoll is moderately wounded.
You constrict the gnoll. The gnoll hits you with a +0 spear.
You die...

..# ##..# # ###....##
#.###.......# #.#.........#
~≈#............
≈~....g)....# ~......h...#
.# .~..###'#### #.## .
##P.P..### #..## ##
#...⌠P..P###...# #. ####
#........#.....#####.
##..###
###_._._##.........#..
##.....##
#.#######.............
##.......###...#
#........####...
..........##...###........#
#...


You could see a gnoll.

Vanquished Creatures
  3 hounds (D:4)
  A jelly (D:4)
  An orc priest (D:3)
  Jessica (D:2)
  3 gnolls
  4 adders
  2 dart slugs
  8 orcs
  7 bats
  5 endoplasms
  2 giant cockroaches
  7 goblins
  6 hobgoblins
  14 jackals
  A quokka (D:2)
  5 ball pythons
  4 frilled lizards
  5 kobolds
  6 rats
85 creatures vanquished.

Notes
Turn   | Place    | Note
-------+----------+-------------------------------------------
     0 | D:1      | Dirtsage the Octopode Shapeshifter began the quest for the
                  | Orb.
     0 | D:1      | Reached XP level 1. HP: 13/13 MP: 1/1
   130 | D:1      | Reached XP level 2. HP: 14/18 MP: 2/2
   242 | D:1      | Saving game... please wait.
   330 | D:1      | Reached XP level 3. HP: 16/23 MP: 3/3
   955 | D:2      | Reached XP level 4. HP: 23/29 MP: 4/4
  1201 | D:2      | Noticed Jessica
  1207 | D:2      | Killed Jessica
  1683 | D:3      | Reached XP level 5. HP: 32/34 MP: 5/5
  1997 | D:3      | Found a burning altar of Makhleb.
  1999 | D:3      | Noticed an Executioner
  2565 | D:4      | Reached XP level 6. HP: 36/41 MP: 6/6
  2922 | D:4      | Found a bloodstained altar of Trog.
  2922 | D:4      | Found a shimmering altar of Xom.
  2922 | D:4      | Found a radiant altar of Vehumet.
  2936 | D:4      | HP: 2/41 [gnoll/+0 spear (6)]
  2937 | D:4      | Slain by a gnoll

Illustrated notes

Levels and vault maps discovered:
D:1:      roderic_crop_circles_arrival_small, layout_loops_ring,
          kennysheep_another_room
D:2:      layout_basic, st_stairs_11, minmay_parallelograms, uniq_jessica
D:3:      layout_loops_corners, makhleb_altar_promises_db,
          guppyfry_early_lair_pool
D:4:      layout_cave_pods, worldfamousw_hep_ancestral_shrine,
          gammafunk_temple_overflow_forgotten, serial_rivers,
          chequers_serial_rivers_small_3, chequers_serial_rivers_micro_c,
          chequers_serial_rivers_large_b, chequers_serial_rivers_large_a,
          corexii_shack, chequers_garden

Skill      XL: |  1  2  3  4  5  6 |
---------------+-------------------+-----
Fighting       | 2 |  2.8
Shapeshifting  | 4 |  4.7
Dodging        | 3 |  3.4
Unarmed Combat | 4 |  4.1

Action                     |  1- 3 |  4- 6 || total
---------------------------+-------+-------++-------
  Melee: Unarmed           |    73 |    97 ||   170
         Constrict         |    20 |    22 ||    42
         Tentacles         |    14 |    24 ||    38
         Punch             |       |     2 ||     2
   Stab: Sleeping          |     4 |    12 ||    16
 Armour: Skin              |    32 |    46 ||    78
  Dodge: Dodged            |    34 |    59 ||    93

Table legend: (Time is in decaauts)
 A = Elapsed time spent in this place.
 B = Non-inter-level travel time spent in this place.
 C = Inter-level travel time spent in this place.
 D = Time resting spent in this place.
 E = Time spent auto-exploring this place.
 F = Levels seen in this place.
 G = Mean time per level.
                   A        B        C        D        E       F      G
               +--------+--------+--------+--------+--------+-----+--------+
         Total |   2924 |   2868 |     56 |      0 |   2433 |   4 |  731.0 |
       Dungeon |   2924 |   2868 |     56 |      0 |   2433 |   4 |  731.0 |
               +--------+--------+--------+--------+--------+-----+--------+

Top non-repeatable levels by time:
     D:3: 909 daAuts
     D:1: 790 daAuts
     D:2: 641 daAuts
     D:4: 582 daAuts
